 Dungeon Crawl Stone Soup version 0.29.0-4-gdea44cf6ec (webtiles) character file.

Game seed: 341770013904627303

311 qw the Chopper (level 6, -1/50 HPs)
             Began as a Ghoul Enchanter on Sept 7, 2022.
             Killed from afar by an orc wizard (6 damage)
             ... with a puff of flame
             ... on level 4 of the Dungeon.
             The game lasted 00:01:38 (4315 turns).

qw the Chopper (Ghoul Enchanter)                    Turns: 4315, Time: 00:01:38

Health: -1/50      AC:  9    Str: 14    XL:     6   Next: 42%
Magic:  7/7        EV:  6    Int: 10    God:
Gold:   110        SH:  0    Dex:  9    Spells: 8/8 levels left

rFire   . . .      SeeInvis .   Y - +1 hand axe
rCold   + . .      Faith    .   (no shield)
rNeg    + + +      Spirit   .   h - +0 chain mail
rPois   inf        Reflect  .   (no helmet)
rElec   .          Harm     .   (no cloak)
rCorr   .          Rampage  .   k - +0 pair of gloves
Will    .....                   (no boots)
Stlth   ..........              (no amulet)
HPRegen 0.00/turn               (no ring)
MPRegen 0.10/turn               (no ring)

@: inhibited regen
A: claws 1, cold resistance 1, negative energy resistance 3, inhibited
regeneration, torment resistance 2, devour on kill
a: no special abilities


You were on level 4 of the Dungeon.
You visited 1 branch of the dungeon, and saw 4 of its levels.

You collected 149 gold pieces.
You spent 39 gold pieces at shops.


Innate Abilities, Weirdness & Mutations

You are immune to poison.
You have sharp fingernails.
Your flesh is cold resistant. (rC+)
You are immune to negative energy. (rN+++)
You do not regenerate when monsters are visible.
You are immune to unholy pain and torment.
You thrive by killing the living.


   Skills:
 + Level 2.6 Fighting
 - Level 0.8 Short Blades
 - Level 4.2 Axes
 - Level 2.0 Throwing
 - Level 1.1 Armour
 - Level 1.7 Dodging
 - Level 3.2 Stealth
 - Level 1.7 Spellcasting
 - Level 2.4 Hexes


You had 8 spell levels left.
You didn't know any spells.
Your spell library contained the following spells:

 Spells                   Type           Power      Damage    Failure   Level
 Ensorcelled Hibernation  Hex/Ice        6%         N/A       100%        2
 Confusing Touch          Hex            5%         N/A       100%        3
 Dazzling Flash           Conj/Hex       6%         N/A       100%        3
 Tukima's Dance           Hex            5%         N/A       100%        3

Inventory:

Hand Weapons
 j - a +1 whip of electrocution
 Y - a +1 hand axe (weapon)
Missiles
 a - a boomerang
 i - 3 javelins (quivered)
Armour
 h - a +0 chain mail (worn)
 k - a +0 pair of gloves (worn)
Scrolls
 f - 3 scrolls of identify
Potions
 b - a potion of heal wounds {unknown}
 d - a potion of might
 e - a potion of magic {unknown}
 g - a potion of resistance {unknown}

Dungeon Overview and Level Annotations

Branches:
Dungeon (4/15)
 Temple: D:4-7

Altars:
Fedhas
Qazlal
Vehumet

Shops:
D:2 !


Message History

The orc hits you with a +2 short sword of venom.
You hit the orc.
You kill the orc!
You barely miss something. You barely miss the orc.
The orc hits you but does no damage. Something hits you but does no damage.
You hit the orc but do no damage.
The orc is heavily wounded.
You hit something but do no damage. The orc hits you with a +0 falchion.
Something hits you but does no damage.
You barely miss the orc.
The orc is heavily wounded.
You barely miss something. The orc hits you with a +0 falchion.
Something hits you but does no damage.
You barely miss the orc.
The orc is heavily wounded.
You hit something. The orc barely misses you. Something hits you.
You slash the orc!
You kill the orc!
You closely miss something.
A goblin comes into view. It is wielding a +0 dagger.
Something hits you.
4306 ||| FLEEEEING.
Something hits you.
The goblin shouts!
4307 ||| FLEEEEING.
4308 ||| FLEEEEING.
Something hits you.
4309 ||| FLEEEEING.
Something hits you but does no damage.
4310 ||| FLEEEEING.
You hear some strange, mumbled words.
A puff of flame appears from out of thin air!
The puff of flame hits you but does no damage.
4312 ||| FLEEEEING.
4313 ||| FLEEEEING.
4314 ||| FLEEEEING.
You hear some strange, mumbled words.
Something tries to affect you, but you resist.
4315 ||| FLEEEEING.
A puff of flame appears from out of thin air!
The puff of flame hits you.
You die...

#.# #....#......
#.# #..#.##.#..#
#.# #..#.###.#..
#.# ####.# ##.#.
#.# #.# ##.# #.#
##.# ##. #.# ##..#
## #.######..## #
#@.##......#
##...{.....#
##8..8##.).#
#}....}#...# #
###..###g..# ###
#.....##).)# ###.#
###..###..)#+#.#..
#.....##...#.#..#.
###..###......#.##


There were no monsters in sight!

Vanquished Creatures
  A phantom (D:4)
  A scorpion (D:4)
  An orc priest (D:4)
  8 adders
  2 worms
  3 dart slugs
  5 orcs (D:4)
  7 ball pythons
  A bat (D:1)
  2 endoplasms (D:4)
  6 goblins
  7 hobgoblins
  4 jackals (D:3)
  2 quokkas
  3 frilled lizards
  5 kobolds
  3 rats
61 creatures vanquished.

Notes
Turn   | Place    | Note
-------+----------+-------------------------------------------
     0 | D:1      | qw the Ghoul Enchanter began the quest for the Orb.
     0 | D:1      | Reached XP level 1. HP: 14/14 MP: 2/2
     0 | D:1      | 0 ||| qw: Version: 0.1-a-108-g9e35731
     0 | D:1      | 0 ||| qw: Game counter: 6550
     0 | D:1      | 0 ||| qw: Always use a shield: true
     0 | D:1      | 0 ||| qw: God list: Okawaru
     0 | D:1      | 0 ||| qw: Allow faded altars: false
     0 | D:1      | 0 ||| qw: Do Orc after D:15 true
     0 | D:1      | 0 ||| qw: Do second Lair branch before Depths: true
     0 | D:1      | 0 ||| qw: Lair rune preference: random
     0 | D:1      | 0 ||| qw: Plans: Normal
     0 | D:1      | 0 ||| PLANNING D:1-11
   348 | D:1      | Reached skill level 1 in Axes
   582 | D:1      | Reached skill level 1 in Fighting
   582 | D:1      | Reached XP level 2. HP: 13/23 MP: 3/3
   802 | D:1      | 802 ||| SWAPPING to +0 club.
   803 | D:1      | 803 ||| DROPPING +1 dagger.
   812 | D:1      | 812 ||| Stepping ~*~*~tactically~*~*~ (hiding).
   914 | D:1      | 914 ||| Stepping ~*~*~tactically~*~*~ (hiding).
   918 | D:1      | 918 ||| Stepping ~*~*~tactically~*~*~ (hiding).
   990 | D:1      | 990 ||| SWAPPING to +1 whip of venom.
   991 | D:1      | 991 ||| DROPPING +0 club.
  1439 | D:1      | Reached XP level 3. HP: 28/28 MP: 4/4
  1701 | D:1      | 1701 ||| UPGRADING to +0 leather armour.
  1711 | D:1      | 1711 ||| DROPPING +0 robe.
  1712 | D:1      | 1712 ||| UPGRADING to +0 chain mail.
  1722 | D:1      | 1722 ||| DROPPING +0 leather armour.
  1723 | D:1      | 1723 ||| READING scroll labelled BAUNACR VE MEH.
  1724 | D:1      | 1724 ||| READING scroll labelled ROECYUNUOL.
  1725 | D:1      | 1725 ||| READING scroll labelled ROLOURESEL.
  1726 | D:1      | 1726 ||| READING scroll labelled JUIMAIC MOOGI.
  1727 | D:1      | 1727 ||| DROPPING 2 potions of invisibility.
  1818 | D:2      | Reached skill level 2 in Axes
  1848 | D:2      | Found a faded altar of an unknown god.
  1868 | D:2      | 1868 ||| Stepping ~*~*~tactically~*~*~ (stealth).
  1869 | D:2      | 1869 ||| Stepping ~*~*~tactically~*~*~ (stealth).
  1898 | D:2      | 1898 ||| Stepping ~*~*~tactically~*~*~ (stealth).
  2158 | D:2      | Reached XP level 4. HP: 33/36 MP: 5/5
  2181 | D:2      | Found Suasoysch's Distillery.
  2200 | D:2      | 2200 ||| BUYING potion of curing (39 gold).
  2200 | D:2      | Bought a potion of curing for 39 gold pieces
  2200 | D:2      | 2200 ||| SHOPLISTING potion of curing (39 gold, have 32).
  2200 | D:2      | 2200 ||| SHOPLISTING potion of haste (130 gold, have 32).
  2200 | D:2      | 2200 ||| SHOPLISTING potion of heal wounds (65 gold, have
                  | 32).
  2495 | D:2      | 2495 ||| SWAPPING to +0 hand axe.
  2522 | D:2      | 2522 ||| DROPPING orb of light.
  2523 | D:2      | 2523 ||| READING 2 scrolls labelled VUXUITR WURIC.
  2602 | D:3      | Reached skill level 3 in Axes
  2814 | D:3      | Reached skill level 1 in Armour
  2892 | D:3      | 2892 ||| Stepping ~*~*~tactically~*~*~ (stealth).
  3069 | D:3      | Reached XP level 5. HP: 27/41 MP: 6/6
  3398 | D:3      | 3398 ||| DROPPING +1 whip of venom.
  3643 | D:3      | 3643 ||| READING scroll labelled HOMAKHL MEDI.
  3644 | D:3      | 3644 ||| DRINKING 2 lumpy ruby potions.
  3645 | D:3      | 3645 ||| READING 2 scrolls of identify.
  3645 | D:3      | 3645 ||| IDENTIFYING gluggy clear potion
  3646 | D:3      | 3646 ||| DROPPING potion of berserk rage.
  3763 | D:4      | Found a blossoming altar of Fedhas.
  3777 | D:4      | Found a radiant altar of Vehumet.
  3831 | D:4      | 3831 ||| Stepping ~*~*~tactically~*~*~ (stealth).
  3933 | D:4      | Noticed a phantom
  3954 | D:4      | Killed a phantom
  3955 | D:4      | Reached skill level 4 in Axes
  3955 | D:4      | Reached XP level 6. HP: 30/48 MP: 7/7
  4130 | D:4      | Found a stormy altar of Qazlal.
  4131 | D:4      | 4131 ||| UPGRADING to +0 pair of gloves.
  4273 | D:4      | 4273 ||| Stepping ~*~*~tactically~*~*~ (stealth).
  4292 | D:4      | 4292 ||| DRINKING 2 potions of curing.
  4292 | D:4      | 4292 ||| (to cure confusion)
  4295 | D:4      | 4295 ||| DRINKING potion of curing.
  4295 | D:4      | 4295 ||| (to cure confusion)
  4303 | D:4      | HP: 10/50 [orc/+0 falchion (6)]
  4306 | D:4      | 4306 ||| FLEEEEING.
  4307 | D:4      | 4307 ||| FLEEEEING.
  4308 | D:4      | 4308 ||| FLEEEEING.
  4308 | D:4      | HP: 5/50 [something (1)]
  4309 | D:4      | 4309 ||| FLEEEEING.
  4310 | D:4      | 4310 ||| FLEEEEING.
  4312 | D:4      | 4312 ||| FLEEEEING.
  4313 | D:4      | 4313 ||| FLEEEEING.
  4314 | D:4      | 4314 ||| FLEEEEING.
  4315 | D:4      | 4315 ||| FLEEEEING.
  4315 | D:4      | Killed from afar by an orc wizard

Levels and vault maps discovered:
D:1:      kennysheep_arrival_seaside, layout_basic
D:2:      layout_basic, serial_shops, shop,
          hellmonk_ecumenical_altar_pennies_from_heaven
D:3:      layout_basic, kennysheep_generic_room_9
D:4:      minmay_razor_zed, layout_rooms, nicolae_qazlal_eye_of_the_storm,
          minitemple

Skill      XL: |  1  2  3  4  5 |
---------------+----------------+-----
Axes           | 1 2 3 4 |  4.2
Fighting       | 1 2 |  2.6
Armour         | 1 |  1.1
Throwing       | 2 |  2.0
Short Blades   | |  0.8
Dodging        | |  1.7
Stealth        | |  3.2
Spellcasting   | |  1.7
Hexes          | |  2.4

Action                   |  1- 3 |  4- 6 || total
-------------------------+-------+-------++-------
Melee: Dagger            |    52 |       ||    52
       Whip              |    66 |    26 ||    92
       Club              |     9 |       ||     9
       Punch             |     1 |     2 ||     3
       Hand axe          |       |   153 ||   153
Throw: Javelin           |       |     7 ||     7
       Boomerang         |       |     2 ||     2
  Use: Scroll            |     4 |     3 ||     7
       Potion            |       |     3 ||     3
 Stab: Sleeping          |     1 |       ||     1
Armor: Robe              |     7 |       ||     7
       Chain mail        |    20 |   132 ||   152
Dodge: Dodged            |    56 |    53 ||   109

Table legend:
 A = Non-vault XP
 B = Vault XP
 C = Vault XP percentage of total XP
 D = Non-vault monster count
 E = Vault monster count
 F = Vault count percentage of total count
                 A         B        C        D         E       F
            +---------+---------+-------+---------+---------+-------
      Total |     432 |      13 |   2.9 |      60 |       1 |   1.6
            +---------+---------+-------+---------+---------+-------
        D:1 |      34 |       0 |   0.0 |      18 |       0 |   0.0
        D:2 |      73 |       0 |   0.0 |      15 |       0 |   0.0
        D:3 |      56 |      13 |  18.8 |      15 |       1 |   6.2
        D:4 |     269 |       0 |   0.0 |      12 |       0 |   0.0
            +---------+---------+-------+---------+---------+-------
